 Dungeon Crawl Stone Soup version 0.30-a0-371-gad7725a93e (webtiles) character file.

Game seed: 1760233010344542746

13860 jfcaron the Basher (level 12, 0/189 HPs)
             Began as an Ogre Reaver on Nov 20, 2022.
             Was an Initiate of Gozag.
             Slain by an elephant (3 damage)
             ... on level 1 of the Lair of Beasts.
             The game lasted 00:41:13 (14516 turns).

jfcaron the Basher (Ogre Reaver)                   Turns: 14516, Time: 00:41:13

Health: 0/189      AC: 30    Str: 21    XL:     12   Next: 10%
Magic:  18/18      EV:  1    Int: 16    God:    Gozag
Gold:   160        SH:  0    Dex:  7    Spells: 14/20 levels left

rFire   + . .      SeeInvis .    E - +0 morningstar
rCold   + . .      Faith    .    (no shield)
rNeg    . . .      Spirit   .    (body armour currently unavailable)
rPois   +          Reflect  .    (helmet currently unavailable)
rElec   +          Harm     .    (cloak currently unavailable)
rCorr   +          Rampage  .    (gloves unavailable)
Will    ++...      NoTele   +    (boots unavailable)
Stlth   +.........               n - amulet of the acrobat
HPRegen 0.51/turn                x - +4 ring of protection
MPRegen 0.16/turn                A - ring of willpower

@: mighty, tree-form, resistant, gold aura
A: stationary, stasis, torment immunity, boosted hp, large, unfitting armour,
(tough skin 1)
a: End Transformation, Renounce Religion, Potion Petition, Call Merchant, Bribe
Branch


You were on level 1 of the Lair of Beasts.
You worshipped Gozag.
Gozag was aware of your devotion.
You were a tree.
You visited 3 branches of the dungeon, and saw 13 of its levels.
You also visited: Bailey.

You collected 3134 gold pieces.
You spent 1459 gold pieces at shops.
You paid 1515 gold pieces to Gozag.

Inventory:

Hand Weapons
 B - a +1 giant spiked club
 E - a +0 morningstar (weapon)
Missiles
 c - 94 stones
 h - 31 poisoned darts
 j - 11 curare-tipped darts {!f}
 o - 27 boomerangs
 p - 4 atropa-tipped darts {!f}
 s - 4 datura-tipped darts {!f}
 y - 2 throwing nets {!f}
 N - 5 large rocks
Armour
 a - +3 shadow dragon scales (melded)
 K - the +0 hat "Woddadghu" (melded) {rElec rF++ Int-4 Stlth+}
   (You acquired it on level 9 of the Dungeon)

   Int:       It affects your intelligence (-4).
   rF:        It greatly protects you from fire.
   rElec:     It insulates you from electricity.
   Stlth:     It makes you more stealthy.
Magical Staves
 w - a staff of fire
 Q - a staff of earth
Jewellery
 n - an amulet of the acrobat (around neck)
 x - a +4 ring of protection (left branch)
 A - a ring of willpower (right branch)
Wands
 l - a wand of paralysis (15)
 t - a wand of quicksilver (7)
 F - a wand of mindburst (3)
Scrolls
 b - a scroll of silence
 g - 3 scrolls of poison
 i - 3 scrolls of immolation
 q - 5 scrolls of teleportation
 u - 3 scrolls of blinking
 D - 2 scrolls of amnesia
 H - a scroll of torment {unknown}
 I - a scroll of magic mapping
 L - 3 scrolls of fear
 M - a scroll of brand weapon {unknown}
Potions
 e - 2 potions of haste
 f - 2 potions of cancellation
 r - a potion of lignification
 z - 3 potions of attraction
 C - a potion of resistance
 O - a potion of mutation {unknown}
 P - a potion of magic {unknown}
Miscellaneous
 k - a phial of floods
 m - a piece from Xom's chessboard (11/15)


   Skills:
 - Level 10.0 Fighting
 * Level 11.3 Maces & Flails
 * Level 9.5 Armour
 - Level 3.5 Dodging
 - Level 4.5 Spellcasting
 - Level 4.2 Conjurations
 - Level 1.0 Necromancy
 - Level 2.6 Ice Magic


You had 14 spell levels left.
You knew the following spells:

 Your Spells              Type           Power      Damage    Failure   Level
a - Kiss of Death         Conj/Necr      48%        2d9       5%          1
b - Searing Ray           Conj           34%        2d5       4%          2
c - Hailstorm             Conj/Ice       14%        3d5       12%         3

Your spell library contained the following spells:

 Spells                   Type           Power      Damage    Failure   Level
 Foxfire                  Conj/Fire      40%        2x1d6     7%          1
 Momentum Strike          Conj/Tloc      20%        3d8       10%         2
 Gell's Gravitas          Tloc           3%         N/A       43%         3
 Lesser Beckoning         Tloc           6%         N/A       43%         3
 Portal Projectile        Hex/Tloc       6%         N/A       43%         3
 Teleport Other           Tloc           3%         N/A       43%         3
 Tukima's Dance           Hex            3%         N/A       43%         3
 Fulminant Prism          Conj/Hex       5%         3d7       54%         4
 Leda's Liquefaction      Hex/Erth       1%         N/A       85%         4
 Fireball                 Conj/Fire      5%         3d5       88%         5
 Blade Hands              Tmut           1%         N/A       99%         5
 Lee's Rapid Deconstruct  Erth           1%         3d4*      99%         5
 Dispersal                Tloc           1%         N/A       100%        6
 Starburst                Conj/Fire      5%         6d4       100%        6
 Statue Form              Tmut/Erth      2%         N/A       100%        6
 Storm Form               Tmut/Air       1%         N/A       100%        7


Dungeon Overview and Level Annotations

Branches:
Dungeon (11/15)            Temple (1/1) D:5            Lair (1/5) D:8
    Orc (0/2) D:9          Bailey (visited)

Altars:
Ashenzari
Cheibriados
Dithmenos
Elyvilon
Fedhas
Gozag
Hepliaklqana
Kikubaaqudgha
Makhleb
Nemelex Xobeh
Okawaru
Qazlal
Ru
Sif Muna
Trog
Uskayaw
Vehumet
Wu Jian
Xom
Yredelemnul
Zin
The Shining One

Shops:
D:2 *   D:5 *

Annotations:
D:11 exclusions: electric eel and skeletal warrior


Innate Abilities, Weirdness & Mutations

You are a tree.
Your roots penetrate the ground, keeping you stationary.
You cannot be teleported.
You are immune to unholy pain and torment.
Your maximum health is greatly increased.
Your equipment is partially melded.
You are too large for most types of armour.
((You have tough skin. (AC +1)))


Message History

The elephant tramples you but does no damage.
The elephant trunk-slaps you but does no damage.
You hit the elephant but do no damage.
The elephant is lightly wounded.
The elephant is distracted by your dazzling golden aura.
The elephant tramples you but does no damage.
The elephant trunk-slaps you but does no damage.
You hit the elephant.
The elephant is lightly wounded.
The elephant tramples you!
* * * LOW HITPOINT WARNING * * *
The elephant trunk-slaps you but does no damage.
You sock the elephant!
The elephant is moderately wounded.
The elephant is distracted by your dazzling golden aura.
The elephant trumpets!
You hit the elephant.
The elephant is no longer distracted by gold.
The elephant is heavily wounded.
The elephant tramples you but does no damage.
The elephant trunk-slaps you but does no damage.
You bludgeon the elephant!! Your punch misses the elephant.
The elephant is almost dead.
The elephant is no longer distracted by gold.
The elephant completely misses you.
The elephant trunk-slaps you but does no damage.
The elephant tramples you.
* * * LOW HITPOINT WARNING * * *
The elephant trunk-slaps you but does no damage.
Okay, then.
Unknown command.
Okay, then.
Unknown command.
Okay, then.
Unknown command.
As you read the scroll of fear, it crumbles to dust.
You assume a fearsome visage.
The elephant looks frightened!
The elephant easily resists.
The elephant tramples you.
You die...
Your body crumbles into a pile of gold.

$ ... ##...#.# ..
###.### # #..# ##
#.#.##### #. Y####
###.....###. .....###
#####..... ##..@..##
#.###.
#.[.....########## ###
#. ##.......##...#Y♣#
#### #.
####..$.......Y##
#.P## #.
##.##........###...###
#.
########......#.....#
##
##.###......#########
### ##PP...##...#...
##.....#...#...
#.............
#...#....##...


You could see 2 elephants.

Vanquished Creatures
  2 two-headed ogres
  A cyclops (D:11)
  A black mamba (Lair:1)
  10 elephants (Lair:1)
  Joseph (Lair:1)
  An unseen horror (D:10)
  A cane toad (Lair:1)
  A rime drake (D:8)
  A komodo dragon (Lair:1)
  2 polar bears (D:8)
  2 shadows
  6 yaks (D:7)
  Eustachio (D:5)
  2 wraiths (D:11)
  A wyvern (D:9)
  2 steam dragons
  Menkaure (D:5)
  2 acid dragons
  3 water moccasins
  5 ice beasts
  A sky beast (D:7)
  4 orc warriors
  2 black bears
  3 ogres
  2 centaurs
  2 wolves (D:8)
  10 kobold brigands
  2 bullfrogs (Lair:1)
  A gnoll sergeant (D:8)
  2 scorpions (D:5)
  8 wights
  11 killer bees
  An electric eel (Lair:1)
  3 howler monkeys (D:10)
  A jelly (D:7)
  3 orc priests
  A gnoll bouda (D:8)
  3 hounds
  3 iguanas
  7 orc wizards
  Robin (D:3)
  8 gnolls
  6 adders
  A white imp (D:6)
  2 ufetubi
  2 worms (D:2)
  A dart slug (D:1)
  20 orcs
  4 ball pythons
  A bat (D:3)
  10 endoplasms
  2 giant cockroaches
  11 goblins
  11 hobgoblins
  7 jackals
  3 quokkas
  2 frilled lizards (D:1)
  24 kobolds
  3 rats
  2 fungi (Lair:1)
  2 plants (Lair:1)
  3 withered plants (D:11)
242 creatures vanquished.

Notes
Turn   | Place    | Note
-------+----------+-------------------------------------------
     0 | D:1      | jfcaron the Ogre Reaver began the quest for the Orb.
     0 | D:1      | Reached XP level 1. HP: 22/22 MP: 3/3
   255 | D:1      | Reached XP level 2. HP: 26/29 MP: 5/5
   685 | D:1      | Reached XP level 3. HP: 37/37 MP: 7/7
  1250 | D:2      | Reached skill level 3 in Maces & Flails
  1343 | D:2      | Got Boesm's Incunabulum of Electric Conjuration
  1352 | D:2      | Learned a level 2 spell: Searing Ray
  1521 | D:2      | Found Deiduclo's General Store.
  1524 | D:2      | Bought a scroll of teleportation for 39 gold pieces
  1653 | D:2      | Reached XP level 4. HP: 42/45 MP: 8/8
  1657 | D:2      | Learned a level 3 spell: Hailstorm
  1662 | D:2      | Found a basalt altar of Yredelemnul.
  1878 | D:3      | Noticed Robin
  1883 | D:3      | Killed Robin
  1966 | D:3      | Found a glowing silver altar of Zin.
  2190 | D:3      | Reached skill level 1 in Necromancy
  2190 | D:3      | Reached XP level 5. HP: 36/53 MP: 0/9
  2302 | D:3      | Reached skill level 1 in Ice Magic
  2875 | D:2      | Bought a scroll of blinking for 97 gold pieces
  3245 | D:4      | Found a sacrificial altar of Ru.
  3249 | D:4      | Reached XP level 6. HP: 62/62 MP: 11/11
  3718 | D:5      | Entered Level 5 of the Dungeon
  3723 | D:5      | Found a staircase to the Ecumenical Temple.
  3895 | Temple   | Entered the Ecumenical Temple
  4256 | Temple   | Became a worshipper of Gozag Ym Sagoz the Greedy
  4449 | D:5      | Found Qeott's Mayhem Merchandise.
  4476 | D:5      | Reached XP level 7. HP: 46/71 MP: 11/13
  4496 | D:5      | Noticed Menkaure
  4577 | D:5      | Killed Menkaure
  4652 | D:5      | Noticed Eustachio
  4662 | D:5      | Killed Eustachio
  4663 | D:5      | Reached skill level 5 in Fighting
  4663 | D:5      | Reached skill level 4 in Maces & Flails
  5133 | D:5      | Reached XP level 8. HP: 74/80 MP: 13/14
  5233 | D:6      | Identified a scroll of acquirement
  5233 | D:6      | Acquired 1219 gold pieces
  5335 | D:2      | Bought +2 shadow dragon scales for 1196 gold pieces
  5346 | D:2      | Bought a wand of mindburst (7) for 127 gold pieces
  5827 | D:6      | HP: 11/80 [asphyx]
  5850 | D:6      | HP: 16/81 [poisoned by a kobold]
  6116 | D:6      | Reached skill level 1 in Armour
  6250 | D:6      | Reached skill level 5 in Maces & Flails
  6969 | D:6      | Reached XP level 9. HP: 42/92 MP: 15/15
  7207 | D:7      | Found a flagged portal.
  7275 | D:7      | Reached skill level 6 in Maces & Flails
  7300 | Bailey   | Entered a bailey
  7638 | Bailey   | HP: 26/139 [orc warrior/+0 war axe (4)]
  7643 | Bailey   | HP: 16/139 [kobold brigand/+0 war axe (3)]
  7889 | Bailey   | Found a bloodstained altar of Trog.
  7897 | Bailey   | Identified the +1 ice dragon scales of Hospitality {-Tele
                  | rPois rF- rC++ rN+}
  8181 | D:7      | Found a radiant altar of Vehumet.
  8194 | D:7      | Reached skill level 7 in Maces & Flails
  8399 | D:7      | Reached skill level 5 in Armour
  9038 | D:8      | Noticed a rime drake
  9039 | D:8      | Found a staircase to the Lair.
  9039 | D:8      | Noticed a polar bear
  9059 | D:7      | Reached XP level 10. HP: 70/104 MP: 16/16
  9476 | D:8      | Reached skill level 8 in Maces & Flails
  9585 | D:8      | HP: 18/106 [polar bear (6)]
 11432 | D:9      | Noticed a two-headed ogre
 11446 | D:9      | Killed a two-headed ogre
 11447 | D:9      | Reached skill level 9 in Maces & Flails
 11460 | D:9      | Found a staircase to the Orcish Mines.
 11736 | D:9      | Reached XP level 11. HP: 109/117 MP: 17/17
 12062 | D:9      | Acquired the +0 hat "Woddadghu" {rElec rF++ Int-4 Stlth+}
 12291 | D:10     | Entered Level 10 of the Dungeon
 12621 | D:10     | Reached skill level 10 in Fighting
 12792 | D:10     | Identified the +6 hand axe of the Final Decision
                  | {antimagic, Dex+3}
 13522 | D:11     | Noticed a two-headed ogre
 13536 | D:11     | Killed a two-headed ogre
 13599 | D:11     | Noticed a cyclops
 13615 | D:11     | Killed a cyclops
 13764 | D:11     | Reached skill level 10 in Maces & Flails
 14002 | D:11     | Noticed a skeletal warrior
 14002 | D:11     | Noticed a skeletal warrior
 14082 | Lair:1   | Entered Level 1 of the Lair of Beasts
 14400 | Lair:1   | Noticed Joseph
 14460 | Lair:1   | Killed Joseph
 14491 | Lair:1   | Reached skill level 11 in Maces & Flails
 14491 | Lair:1   | Reached XP level 12. HP: 28/126 MP: 18/18
 14494 | Lair:1   | HP: 25/126 [elephant (1)]
 14496 | Lair:1   | HP: 10/126 [elephant (12)]
 14498 | Lair:1   | HP: 3/126 [elephant (9)]
 14506 | Lair:1   | HP: 19/189 [elephant (6)]
 14512 | Lair:1   | HP: 6/189 [elephant (12)]
 14515 | Lair:1   | HP: 2/189 [elephant (5)]
 14516 | Lair:1   | Slain by an elephant

Illustrated notes

Levels and vault maps discovered:
D:1:      erik_arrival_triangle_large, layout_basic
D:2:      layout_basic, serial_shops, nicolae_shop_hallway_stairs, basic_altar,
          minmay_pentomino_t2
D:3:      layout_loops_cross, amcnicky_altar_gilded,
          minmay_misc_feat_secret_circle, uniq_robin
D:4:      layout_cave_pools, nicolae_ru_awakened_eye
D:5:      layout_loops_ring, minmay_temple_entry_antechambers,
          minmay_shop_mayhem, uniq_menkaure, uniq_eustachio
D:6:      layout_basic
D:7:      layout_loops_ring, vehumet_crystals, enter_bailey_8,
          nrook_mini_backslash, nrook_pool_corridor, chequers_arboretum,
          minmay_misc_feat_x
D:8:      layout_basic, hellmonk_lair_entry_icy
D:9:      layout_gridville, orc_0_dummy
D:10:     layout_rooms, minivault_24, serial_park_tiny_2,
          corexii_hall_statues_x, minmay_tree_intersection,
          kennysheep_generic_room_2
D:11:     layout_basic, serial_undead, serial_undead_b, serial_undead_d,
          serial_undead_c, serial_undead_c,
          nicolae_gozag_cash_rules_everything_around_me
Temple:   compressed_dpeg_triangle_lava_temple
Lair:1:   layout_misc_corridors, nicolae_quartered_pool_little,
          chequers_serial_rivers_room_b, uniq_joseph

Skill      XL: |  1  2  3  4  5  6  7  8  9 10 11 |
---------------+----------------------------------+-----
Dodging        | 2 3 |  3.5
Fighting       | 3 4 5 6 8 9 10 | 10.0
Conjurations   | 3 4 |  4.2
Maces & Flails | 3 4 5 7 9 11 | 11.3
Spellcasting   | 3 4 |  4.5
Necromancy     | 1 |  1.0
Ice Magic      | 1 2 |  2.6
Armour         | 3 5 7 9 |  9.5

Action                   |  1- 3 |  4- 6 |  7- 9 | 10-12 || total
-------------------------+-------+-------+-------+-------++-------
Melee: Mace              |    98 |   157 |    24 |       ||   279
       Punch             |       |     4 |     7 |     7 ||    18
       Morningstar       |       |       |   351 |   562 ||   913
       Giant spiked club |       |       |    16 |       ||    16
Throw: Dart              |       |     2 |       |    14 ||    16
 Cast: Searing Ray       |     1 |    11 |     5 |       ||    17
       Kiss of Death     |     1 |       |       |       ||     1
       Hailstorm         |       |     1 |       |       ||     1
Invok: Potion Petition   |       |       |     1 |     3 ||     4
Evoke: Wand              |       |       |    22 |     7 ||    29
       Piece from Xom's  |       |       |     1 |     9 ||    10
  Use: Scroll            |       |       |    18 |     5 ||    23
       Potion            |       |       |     6 |     3 ||     9
 Stab: Sleeping          |       |       |     4 |     4 ||     8
       Invisible         |       |       |     1 |     3 ||     4
       Paralysed         |       |       |       |    11 ||    11
       Distracted        |       |       |       |     1 ||     1
Armor: Robe              |    27 |    92 |    20 |       ||   139
       Shadow dragon sca |       |       |   404 |   636 ||  1040
       Skin              |       |       |    40 |    22 ||    62
Dodge: Dodged            |    46 |   113 |   174 |   276 ||   609

Table legend: (Time is in decaauts)
 A = Elapsed time spent in this place.
 B = Non-inter-level travel time spent in this place.
 C = Inter-level travel time spent in this place.
 D = Time resting spent in this place.
 E = Time spent auto-exploring this place.
 F = Levels seen in this place.
 G = Mean time per level.
                   A        B        C        D        E       F      G
               +--------+--------+--------+--------+--------+-----+--------+
         Total |  14711 |  13548 |   1163 |   3443 |   7169 |  14 | 1050.8 |
       Dungeon |  13236 |  12102 |   1134 |   2940 |   6675 |  11 | 1203.3 |
        Temple |    374 |    345 |     29 |      0 |    331 |   1 |  374.0 |
          Lair |    432 |    432 |      0 |    149 |     91 |   1 |  432.0 |
        Bailey |    667 |    667 |      0 |    354 |     71 |   1 |  667.0 |
               +--------+--------+--------+--------+--------+-----+--------+

Top non-repeatable levels by time:
     D:8: 2126 daAuts
     D:6: 1717 daAuts
     D:7: 1379 daAuts
     D:5: 1312 daAuts
     D:3: 1164 daAuts
    D:10: 1074 daAuts
     D:9: 1023 daAuts
     D:1: 980 daAuts
     D:2: 960 daAuts
     D:4: 839 daAuts
  Bailey: 667 daAuts
    D:11: 658 daAuts
  Lair:1: 432 daAuts
  Temple: 374 daAuts
